 Dungeon Crawl Stone Soup version 0.16.1-18-g436b03c (webtiles) character file.

149135 maniek23 the Imperceptible (level 16, -3/112 HPs)
             Began as a Vampire Enchanter on May 9, 2015.
             Was the Champion of Dithmenos.
             Killed from afar by a thorn hunter (38 damage)
             ... with a volley of thorns
             ... on level 2 of the Swamp.
             The game lasted 04:37:57 (38062 turns).

maniek23 the Imperceptible (Vampire Enchanter)     Turns: 38062, Time: 04:37:57

Health: -3/112     AC:  0    Str:  6    XL:     16   Next: 95%
Magic:  24/35      EV: 35    Int: 18    God:    Dithmenos [******]
Gold:   1757       SH:  0    Dex: 21    Spells: 10 memorised, 6 levels left

rFire  . . .     SeeInvis +     W - melded +3 dagger (protect)
rCold  . . .     Clarity  .     O - melded +2 robe {MR+}
rNeg   + . .     SustAb   .     (shield currently unavailable)
rPois  .         Gourm    .     x - melded +2 hat {Int+3}
rElec  .         Spirit   .     c - melded -1 cloak of the Rose {rPois MR+ Stlth+}
rCorr  .         Warding  .     J - melded +0 pair of gloves
rMut   .         Stasis   .     b - melded +2 pair of boots of Death Resistance {Contam rF+ rCorr Stlth+}
MR     +....                    L - amulet of rage
Stlth  ++++++++++               U - melded ring of flight
                                v - melded +3 ring of slaying

@: bat-form, flying, wreathed by umbra, very quick, somewhat resistant to
hostile enchantments, uncannily stealthy
A: bottle blood, (fangs 0), see invisible, spit poison 1, strong 1, wild magic
1, (unbreathing)
a: Spit Poison, End Transformation, Shadow Step, Shadow Form, Renounce Religion,
Evoke Berserk Rage


You were on level 2 of the Swamp.
You worshipped Dithmenos.
Dithmenos was exalted by your worship.
You were not thirsty.
You were in vampire-bat-form.
You visited 6 branches of the dungeon, and saw 33 of its levels.
You also visited: Labyrinth, Ossuary, Bailey and Ice Cave.

You collected 3108 gold pieces.
You spent 1351 gold pieces at shops.

Inventory:

Hand weapons
 r - a +2 dagger of freezing
 A - a cursed +1 flail of distortion
 W - a +3 dagger of protection (melded)
Missiles
 B - 61 tomahawks of returning (quivered)
Armour
 b - the +2 pair of boots of Death Resistance (melded) {Contam rF+ rCorr Stlth+}
   (You bought it in a shop on level 4 of the Orcish Mines)

   It protects you from fire.
   It causes magical contamination when unequipped.
   It protects you from acid and corrosion.
   It makes you more stealthy.
 c - the -1 cloak of the Rose (melded) {rPois MR+ Stlth+}
   (You bought it in a shop on level 13 of the Dungeon)

   It protects you from poison.
   It affects your resistance to hostile enchantments.
   It makes you more stealthy.
 t - a +4 scale mail of magic resistance
 x - a +2 hat of intelligence (melded)
 J - a +0 pair of gloves (melded)
 O - a +2 robe of magic resistance (melded)
Jewellery
 l - an uncursed ring of protection from cold
 v - a +3 ring of slaying (melded)
 L - an amulet of rage (around neck)
 P - a +2 ring of intelligence
 U - a ring of flight (melded)
 X - a +2 ring of evasion
Magical devices
 s - a wand of paralysis (11)
 u - a wand of draining (8)
 E - a wand of slowing (48)
 Q - a wand of slowing (12)
 R - a wand of random effects (19)
 Y - a wand of digging (24)
Scrolls
 e - 5 scrolls of remove curse
 k - 3 scrolls of fog
 n - 10 scrolls of teleportation
 p - 5 scrolls of blinking
 q - 4 scrolls of fear
 z - 6 scrolls of magic mapping
 D - a scroll of silence
 G - 2 scrolls of enchant weapon
 I - a scroll of acquirement
 N - 2 scrolls of summoning
 T - 3 scrolls of identify
Potions
 d - 8 potions of blood
 f - 6 potions of might
 g - 8 potions of restore abilities
 i - 17 potions of curing
 j - 7 potions of haste
 m - 5 potions of brilliance
 o - 11 potions of heal wounds
 w - 3 potions of lignification
 y - 4 potions of magic
 C - 5 potions of resistance
 F - a potion of degeneration {unknown}
 M - 3 potions of cancellation
 S - 2 potions of agility
Books
 a - a book of Party Tricks

   Spells                             Type                      Level
   a - Summon Butterflies             Summoning                    1
   b - Apportation                    Translocation                1
   c - Tukima's Dance                 Hexes                        3
   d - Alistair's Intoxication        Transmutation/Poison         4
   e - Invisibility                   Hexes                        6
 h - a book of the Sky

   Spells                             Type                      Level
   a - Flight                         Charms/Air                   3
   b - Airstrike                      Air                          4
   c - Silence                        Hexes/Air                    5
   d - Deflect Missiles               Charms/Air                   6
   e - Conjure Ball Lightning         Conjuration/Air              6
   f - Tornado                        Air                          9
 H - a book of the Tempests

   Spells                             Type                      Level
   a - Static Discharge               Conjuration/Air              3
   b - Lightning Bolt                 Conjuration/Air              5
   c - Fireball                       Conjuration/Fire             5
   d - Tornado                        Air                          9
   e - Shatter                        Earth                        9
 V - Roxanne's Reference Book on Ashen Changing
   (You took it off Roxanne on level 1 of the Swamp)

   Spells                             Type                      Level
   a - Beastly Appendage              Transmutation                1
   b - Stoneskin                      Transmutation/Earth          2
   c - Alistair's Intoxication        Transmutation/Poison         4
   d - Petrify                        Transmutation/Earth          4
   e - Statue Form                    Transmutation/Earth          6
 Z - a book of Spatial Translocations

   Spells                             Type                      Level
   a - Apportation                    Translocation                1
   b - Blink                          Translocation                2
   c - Shroud of Golubria             Charms/Translocation         2
   d - Portal Projectile              Translocation                3
   e - Teleport Other                 Translocation                3
   f - Passage of Golubria            Translocation                4
Miscellaneous
 K - a legendary deck of destruction


   Skills:
 + Level 6.2 Fighting
 + Level 7.1 Short Blades
 + Level 0.5 Armour
 + Level 13.2 Dodging
 + Level 24.0 Stealth
 + Level 11.8 Spellcasting
 + Level 2.0 Conjurations
 + Level 16.7 Hexes
 + Level 1.0 Charms
 * Level 5.7 Translocations
 + Level 8.1 Ice Magic
 * Level 4.0 Invocations
 + Level 0.4 Evocations


You had 6 spell levels left.
You knew the following spells:

 Your Spells              Type           Power        Failure   Level  Hunger
a - Corona                Hex            #######      2%          1    None
b - Ensorcelled Hibernat  Hex/Ice        ######       4%          2    None
c - Confuse               Hex            #######.     3%          3    None
d - Dazzling Spray        Conj/Hex       ######..     9%          3    None
e - Sure Blade            Hex/Chrm       ######....   9%          2    None
f - Fulminant Prism       Conj/Hex       ######....   13%         4    ##.....
g - Metabolic Englaciati  Hex/Ice        ######....   13%         5    ####...
h - Enslavement           Hex            #######.     5%          4    ##.....
i - Invisibility          Hex            #######.     13%         6    ######.
j - Blink                 Tloc           N/A          11%         2    None


Dungeon Overview and Level Annotations

Branches:
Dungeon (15/15)            Temple (1/1) D:5            Lair (8/8) D:8
  Swamp (4/5) Lair:4        Snake (0/5) Lair:6        Slime (0/6) Lair:7
    Orc (4/4) D:12            Elf (0/3) Orc:4        Vaults (0/5) D:14
 Depths (1/5) D:15

Altars:
Ashenzari
Cheibriados
Dithmenos
Elyvilon
Fedhas
Gozag
Kikubaaqudgha
Makhleb
Nemelex Xobeh
Okawaru
Qazlal
Ru
Sif Muna
Trog
Vehumet
Xom
Yredelemnul
Zin
The Shining One
Beogh

Shops:
D:6 :   D:12 =   D:13 [   D:15 [   Orc:1 [   Orc:2 [   Orc:4 (*[=

Annotations:
D:10 Maurice


Innate Abilities, Weirdness & Mutations

You can bottle blood from corpses.
((You have razor-sharp teeth.))
You have supernaturally acute eyesight.
((You can survive without breathing.))
You can spit poison.
Your muscles are strong. (Str +2)
Your spells are a little harder to cast, but a little more powerful.


Message History

The volley of thorns hits you!
Use which ability? (? or * to list)
You turn into a vampire bat.
Your +3 dagger of protection melds into your body.
The -1 cloak of the Rose {rPois MR+ Stlth+} melds into your body.
Your +2 hat of intelligence melds into your body.
Your +0 pair of gloves melds into your body.
The +2 pair of boots of Death Resistance {Contam rF+ rCorr Stlth+} melds into your body.
Your +2 robe of magic resistance melds into your body.
Your +3 ring of slaying melds into your body.
Your ring of flight melds into your body.
You feel less protected.
You feel stupid.
You feel less resistant to hostile enchantments.
The thorn hunter fires a volley of thorns at you.
The volley of thorns misses you.
Thorny briars emerge from the ground!
The thorn hunter fires a volley of thorns at you.
The volley of thorns hits you!
You die...

♣.≈≈≈≈≈≈≈.§.....≈.....
♣..≈≈.≈≈.......≈≈≈...≈
♣..≈.....♣.≈♣≈(≈≈≈...≈
♣♣≈...≈...♣≈♣♣♣(≈≈≈....
♣≈...≈♣...♣♣♣ ♣.(≈≈≈...
♣≈........♣♣♣♣♣..≈≈≈≈..
♣♣...≈≈≈≈f♣≈≈.≈<.≈≈≈≈≈≈
♣≈..≈≈≈≈>♣.≈≈≈≈..≈≈≈≈≈
♣≈.≈.b≈≈..≈≈≈≈§♣.≈≈≈≈≈
♣♣♣♣.......≈≈≈≈..♣≈.≈≈≈.
♣♣§≈♣♣P.≈♣..≈≈≈≈..♣♣♣....
♣≈..≈PPP≈≈...≈≈≈.♣♣ ♣♣♣♣≈
♣♣♣♣♣≈PPPP.♣≈....♣ ♣♣
♣♣.≈PP♣PP.≈♣♣♣♣
♣≈≈≈...PP.≈≈♣
♣.≈≈.≈..≈.♣♣♣ ♣...♣♣♣♣♣♣♣


You could see a thorn hunter.

Vanquished Creatures
  Rupert (Lair:6)
  Kirke (D:14)
  Roxanne (Swamp:1)
  A frost giant (IceCv)
  Donald (Swamp:1)
  2 orc warlords (Orc:4)
  Gastronok (D:10)
  A vault guard (D:14)
  A minotaur (Lab)
  A yaktaur captain (D:15)
  Fannar (Lair:1)
  Harold (Lair:4)
  Nessos (D:14)
  A ghost crab (Swamp:3)
  Erica (Lair:6)
  A catoblepas (Lair:5)
  14 hydras
  8 alligators
  5 centaur warriors
  3 tengu warriors
  7 orc high priests (Orc:4)
  The ghost of EmilioHeskey the Skirmisher, an experienced DrBe of Trog (D:9)
  2 unseen horrors
  2 deep trolls (Depths:1)
  A swamp dragon (Swamp:2)
  A shambling mangrove (Swamp:4)
  3 orc knights
  Pikel (D:8)
  A wolf spider (D:15)
  A necromancer (Lair:4)
  16 ugly things
  6 hill giants
  4 griffons
  3 cyclopes
  A manticore (D:14)
  4 orc sorcerers
  6 elephants (Lair:6)
  A guardian serpent (shapeshifter) (D:14)
  Joseph (D:12)
  A black mamba (Lair:1)
  4 centaur zombies
  21 spiny frogs
  A queen ant (D:8)
  2 gargoyles
  A fire drake (Lair:7)
  A yaktaur (D:15)
  5 komodo dragons
  6 trolls
  4 tengu conjurers
  2 spriggan druids (Lair:8)
  6 giant leeches
  Sonja (Swamp:1)
  5 baby alligators
  21 polar bears
  4 two-headed ogres
  5 basilisks
  20 ravens
  13 slime creatures
  6 bog bodies
  A boulder beetle (Lair:7)
  30 blink frogs
  A shadow (Swamp:2)
  13 spriggans
  6 redbacks (Lair:8)
  A tarantella (shapeshifter) (D:15)
  A vampire (D:14)
  4 wraiths
  2 wyverns
  80 yaks
  6 hungry ghosts
  51 wolves
  2 mottled dragons
  8 hippogriffs
  12 vampire mosquitoes
  16 insubstantial wisps
  12 swamp worms
  12 soldier ants
  4 nagas (Lair:6)
  2 wargs
  8 wasps
  10 swamp drakes
  18 water moccasins
  29 orc warriors
  2 phantoms
  6 porcupines
  9 ice beasts
  10 ogres
  16 crocodiles
  10 black bears
  2 sky beasts
  6 fulminant prisms
  11 centaurs
  Sigmund (D:2)
  A boring beetle (Lair:5)
  3 big kobolds
  16 giant frogs
  4 scorpions
  18 killer bees
  A troll zombie (Orc:4)
  19 jellies
  6 electric eels (Lair:4)
  8 wights
  2 quasits
  2 giant frog zombies
  7 crimson imps
  3 goliath beetles
  11 hounds
  27 orc wizards
  Crazy Yiuf (D:5)
  11 iguanas
  24 orc priests
  3 centaur skeletons
  A hell rat (D:8)
  4 giant frog skeletons
  45 worker ants
  7 sheep
  4 yak simulacra (Lair:4)
  A wolf simulacrum (Lair:4)
  3 polar bear simulacra (Lair:4)
  Jessica (D:2)
  8 mummies (Ossuary)
  3 hound skeletons
  2 worker ant zombies
  27 adders
  15 gnolls
  53 river rats
  A giant mite (D:3)
  2 shadow imps
  3 worms
  An adder skeleton (D:10)
  An adder zombie (D:9)
  7 giant geckos
  2 oozes
  167 orcs
  A ball python (D:3)
  15 bats
  A bat zombie (D:5)
  2 giant cockroaches
  A gnoll zombie (Ossuary)
  19 goblins
  31 hobgoblins
  7 jackals
  15 quokkas
  A giant gecko skeleton (D:7)
  A giant gecko zombie (D:7)
  5 giant newts
  3 giant spores
  2 hobgoblin zombies (Ossuary)
  35 kobolds
  2 kobold zombies (Ossuary)
  5 orc zombies
  A quokka zombie (D:6)
  22 rats
  3 river rat simulacra (Lair:4)
  4 ballistomycetes
  3 fungi (Lair:7)
1344 creatures vanquished.

Vanquished Creatures (collateral kills)
  An ice statue (IceCv)
  A spriggan (Swamp:2)
  A redback (Lair:8)
  An ice beast (IceCv)
  A wasp (Swamp:2)
5 creatures vanquished.

Vanquished Creatures (others)
  An orc knight (Orc:4)
  A polar bear (Lair:8)
  A blink frog (Swamp:3)
  A raven (Swamp:3)
  4 humans (D:14)
  2 slaves
  A yak (Lair:2)
  A vampire mosquito (Swamp:2)
  2 wargs (Orc:4)
  2 ice beasts (IceCv)
  An orc warrior (Orc:4)
  A black bear (Lair:2)
  A necrophage (D:8)
  2 centaurs (D:14)
  An ogre (D:8)
  55 fulminant prisms
  A killer bee (D:9)
  An orc priest (Orc:4)
  A hound (D:8)
  An iguana (D:8)
  A sheep (Lair:6)
  3 worker ants
  A kobold (D:8)
  A quokka (D:8)
  2 fungi (Orc:4)
  2 plants (Lair:8)
91 creatures vanquished.

Grand Total: 1440 creatures vanquished

Notes
Turn   | Place    | Note
--------------------------------------------------------------
     0 | D:1      | maniek23, the Vampire Enchanter, began the quest for the Orb.
     0 | D:1      | Reached XP level 1. HP: 13/13 MP: 3/3
   234 | D:1      | Reached XP level 2. HP: 14/19 MP: 4/4
   246 | D:1      | Learned a level 2 spell: Ensorcelled Hibernation
   976 | D:2      | Reached skill level 5 in Stealth
  1010 | D:2      | Noticed Jessica
  1017 | D:2      | Killed Jessica
  1017 | D:2      | Reached XP level 3. HP: 11/25 MP: 0/6
  1567 | D:2      | Reached XP level 4. HP: 28/31 MP: 7/7
  1578 | D:2      | Found a burning altar of Makhleb.
  1592 | D:2      | Reached skill level 6 in Stealth
  1719 | D:2      | Noticed Sigmund
  1728 | D:2      | Killed Sigmund
  1728 | D:2      | Reached skill level 1 in Fighting
  1728 | D:2      | Reached skill level 5 in Hexes
  1728 | D:2      | Reached XP level 5. HP: 34/37 MP: 7/9
  2944 | D:3      | Reached XP level 6. HP: 43/43 MP: 2/11
  3028 | D:3      | Learned a level 3 spell: Confuse
  3043 | D:4      | Reached skill level 7 in Stealth
  3043 | D:4      | Reached skill level 1 in Ice Magic
  3583 | D:4      | Reached XP level 7. HP: 44/49 MP: 9/14
  3641 | D:4      | Reached skill level 8 in Stealth
  3963 | D:5      | Entered Level 5 of the Dungeon
  4259 | D:5      | Found a staircase to the Ecumenical Temple.
  4283 | D:5      | Reached skill level 9 in Stealth
  4290 | Temple   | Entered the Ecumenical Temple
  4349 | Temple   | Became a worshipper of Dithmenos the Shadowed
  4688 | D:5      | Reached skill level 5 in Dodging
  4866 | D:5      | Noticed Crazy Yiuf
  4870 | D:5      | Killed Crazy Yiuf
  4970 | D:5      | Reached XP level 8. HP: 56/56 MP: 17/17
  5448 | D:6      | Found Craraum's Book Boutique.
  5636 | D:6      | Reached skill level 10 in Stealth
  6221 | D:7      | Found a sand-covered staircase.
  6232 | Ossuary  | Entered an ossuary
  6304 | Ossuary  | Acquired Dithmenos' first power
  6781 | D:7      | Reached skill level 11 in Stealth
  6781 | D:7      | Reached XP level 9. HP: 50/61 MP: 13/20
  6896 | D:7      | Gained mutation: Your muscles are strong. (Str +2) [potion of beneficial mutation]
  6958 | D:7      | Found a bloodstained altar of Trog.
  6987 | D:7      | Acquired Dithmenos' second power
  7093 | D:7      | Learned a level 3 spell: Dazzling Spray
  7299 | D:8      | Reached skill level 5 in Spellcasting
  7321 | D:8      | Noticed Pikel
  7345 | D:8      | Killed Pikel
  7492 | D:8      | Noticed a queen ant
  7493 | D:8      | Reached skill level 12 in Stealth
  7639 | D:8      | Noticed a komodo dragon
  7643 | D:8      | Found a staircase to the Lair.
  8078 | D:8      | Acquired Dithmenos' third power
  8232 | D:8      | Killed a komodo dragon
  8232 | D:8      | Reached XP level 10. HP: 70/70 MP: 9/23
  8315 | D:8      | Reached skill level 13 in Stealth
  8679 | D:8      | Learned a level 2 spell: Sure Blade
  8721 | D:8      | Acquired Dithmenos' fourth power
  8874 | D:8      | Killed a queen ant
  8874 | D:8      | Reached skill level 14 in Stealth
  8874 | D:8      | Reached skill level 10 in Hexes
  9270 | D:9      | Noticed EmilioHeskey's ghost (experienced DrBe)
  9324 | D:9      | Killed EmilioHeskey's ghost
  9413 | D:9      | Noticed a white ugly thing
  9419 | D:9      | Killed a white ugly thing
  9419 | D:9      | Reached XP level 11. HP: 75/75 MP: 25/25
  9527 | D:9      | Reached skill level 15 in Stealth
 10083 | D:9      | Found a stormy altar of Qazlal.
 10317 | D:10     | Entered Level 10 of the Dungeon
 10466 | D:10     | Noticed a hill giant
 10515 | D:10     | Noticed Maurice
 10515 | D:10     | Noticed a hill giant
 10565 | D:10     | Found a flagged portal.
 10565 | D:10     | Noticed Gastronok
 10591 | D:10     | Killed Gastronok
 10597 | Bailey   | Entered a bailey
 10844 | Bailey   | Reached skill level 16 in Stealth
 10909 | Bailey   | Gained mutation: Your spells are a little harder to cast, but a little more powerful. [potion of beneficial mutation]
 10921 | Bailey   | Gained mutation: You can spit poison. [potion of beneficial mutation]
 11209 | D:10     | Killed a hill giant
 11375 | D:10     | Killed a hill giant
 11425 | D:10     | Learned a level 4 spell: Fulminant Prism
 11635 | D:10     | Noticed a hill giant
 11643 | D:10     | Killed a hill giant
 11850 | D:11     | Reached skill level 5 in Ice Magic
 12081 | D:11     | Reached skill level 1 in Invocations
 12081 | D:11     | Reached XP level 12. HP: 76/83 MP: 26/28
 12248 | D:11     | Identified a scroll of acquirement
 12405 | D:11     | Learned a level 5 spell: Metabolic Englaciation
 12897 | D:11     | Reached skill level 1 in Conjurations
 12971 | D:12     | Reached skill level 17 in Stealth
 13088 | D:12     | Noticed Joseph
 13107 | D:12     | Found a staircase to the Orcish Mines.
 13173 | D:12     | Found Adwaula's Jewellery Emporium.
 13202 | D:12     | Found a frozen archway.
 13210 | IceCv    | Entered an ice cave
 13439 | IceCv    | Reached skill level 5 in Short Blades
 13560 | IceCv    | Noticed a frost giant
 13563 | IceCv    | Reached skill level 10 in Dodging
 13661 | IceCv    | Killed a frost giant
 13870 | IceCv    | Got a twisted great mace
 13871 | IceCv    | Identified the +8 great mace "Ethrisuajev" {crush, +Blink Str-2 Dex+3} (You found it in an ice cave)
 14026 | IceCv    | Reached skill level 18 in Stealth
 14595 | IceCv    | Learned a level 4 spell: Enslavement
 14659 | IceCv    | Reached XP level 13. HP: 73/90 MP: 6/29
 14818 | D:12     | Noticed a centaur warrior
 14823 | D:12     | Killed a centaur warrior
 15217 | D:12     | Killed Joseph
 15544 | Orc:1    | Entered Level 1 of the Orcish Mines
 15642 | Orc:1    | Found Sausm's Antique Armour Shop.
 16206 | Orc:2    | Found a roughly hewn altar of Beogh.
 16301 | Orc:2    | Found Ziophax's Antique Armour Emporium.
 16420 | Orc:3    | Found a white marble altar of Elyvilon.
 16520 | Orc:2    | Found a roughly hewn altar of Beogh.
 17251 | Orc:4    | Entered Level 4 of the Orcish Mines
 17267 | Orc:4    | Reached skill level 19 in Stealth
 17268 | Orc:4    | Noticed an orc warlord
 17284 | Orc:4    | Killed an orc warlord
 17613 | Orc:3    | Reached skill level 5 in Fighting
 17880 | Orc:4    | Found Ahuoghool's Antique Armour Shop.
 17910 | Orc:4    | Bought a pair of jewelled boots for 304 gold pieces
 17915 | Orc:4    | Identified the +2 pair of boots of Death Resistance {Contam rF+ rCorr Stlth+} (You bought it in a shop on level 4 of the Orcish Mines)
 17991 | Orc:4    | Found Xetoet's Jewellery Shop.
 18050 | Orc:4    | Bought a +2 ring of evasion for 140 gold pieces
 18248 | Orc:4    | Found Xooq's General Store.
 18342 | Orc:4    | Noticed an orc warlord
 18420 | Orc:4    | Killed an orc warlord
 18811 | Orc:4    | Bought a scroll of identify for 34 gold pieces
 18860 | Orc:4    | Found Doroll's Antique Weapon Shop.
 19006 | Orc:4    | Found a staircase to the Elven Halls.
 19222 | Orc:3    | Reached XP level 14. HP: 92/98 MP: 20/31
 19515 | Lair:1   | Entered Level 1 of the Lair of Beasts
 19640 | Lair:1   | Noticed Fannar
 19643 | Lair:1   | Killed Fannar
 20290 | Lair:1   | Reached skill level 20 in Stealth
 20486 | D:6      | Bought a book of Party Tricks for 600 gold pieces
 20499 | D:6      | Learned a level 6 spell: Invisibility
 20641 | Lair:2   | Found a labyrinth entrance.
 20652 | Lab      | Entered a labyrinth
 21013 | Lab      | Found an exit through the horrors of the Abyss.
 22338 | Lab      | Identified a -1 rod of inaccuracy (12/12) (You found it in a labyrinth)
 23108 | Lair:2   | Reached skill level 10 in Spellcasting
 23550 | Lair:3   | Got an encrusted long sword
 23551 | Lair:3   | Identified the cursed -2 long sword of Defence by Offence {speed, +Rage} (You found it on level 3 of the Lair of Beasts)
 24496 | Lair:4   | Noticed Harold
 24499 | Lair:4   | Killed Harold
 24554 | Lair:4   | Found a staircase to the Swamp.
 25402 | Lair:5   | Reached skill level 21 in Stealth
 26800 | Lair:6   | Noticed Erica
 27333 | Lair:6   | Killed Erica
 27380 | Lair:6   | Noticed Rupert
 27383 | Lair:6   | Killed Rupert
 27467 | Lair:6   | Reached skill level 15 in Hexes
 27608 | Lair:6   | Found a staircase to the Snake Pit.
 28008 | Lair:6   | Learned a level 2 spell: Blink
 28635 | Lair:7   | Reached XP level 15. HP: 103/105 MP: 23/33
 29155 | Lair:7   | Found a staircase to the Slime Pits.
 29454 | Lair:8   | Entered Level 8 of the Lair of Beasts
 29535 | Lair:8   | Reached skill level 1 in Translocations
 30023 | Lair:8   | Reached skill level 22 in Stealth
 30088 | Lair:8   | Reached skill level 1 in Charms
 31793 | D:13     | Found Egabuav's Armour Shop.
 31800 | D:13     | Bought the cursed -1 cloak of the Rose {rPois MR+ Stlth+} for 273 gold pieces
 32261 | D:14     | Noticed Nessos
 32267 | D:14     | Killed Nessos
 32465 | D:14     | Found a gate to the Vaults.
 32497 | D:14     | You fall through a shaft!
 32497 | D:15     | Entered Level 15 of the Dungeon
 32723 | D:15     | Found Duxogur's Antique Armour Shop.
 32743 | D:15     | Reached skill level 23 in Stealth
 32745 | D:15     | Reached XP level 16. HP: 111/111 MP: 34/34
 32967 | D:14     | Noticed Kirke
 32970 | D:14     | Killed Kirke
 33703 | D:15     | Found a staircase to the Depths.
 33844 | Depths:1 | Entered Level 1 of the Depths
 34296 | Swamp:1  | Entered Level 1 of the Swamp
 34407 | Swamp:1  | Noticed Donald
 34434 | Swamp:1  | Killed Donald
 34664 | Swamp:1  | Noticed Sonja
 34672 | Swamp:1  | Killed Sonja
 34808 | Swamp:1  | Noticed Roxanne
 35320 | Swamp:1  | Killed Roxanne
 35322 | Swamp:1  | Identified Roxanne's Reference Book on Ashen Changing (You took it off Roxanne on level 1 of the Swamp)
 35583 | Swamp:2  | Reached skill level 5 in Translocations
 37575 | Swamp:4  | Reached skill level 24 in Stealth
 38062 | Swamp:2  | Killed from afar by a thorn hunter

Action                   |  1- 3 |  4- 6 |  7- 9 | 10-12 | 13-15 | 16-18 || total
-------------------------+-------+-------+-------+-------+-------+-------++-------
Melee: Dagger            |    87 |   178 |   462 |   498 |  1752 |   406 ||  3383
       Short sword       |       |       |       |   235 |       |       ||   235
       Unarmed           |       |       |       |       |     3 |       ||     3
Throw: Tomahawk          |       |       |       |     3 |       |       ||     3
 Cast: Corona            |     1 |     4 |     4 |     7 |     5 |     4 ||    25
       Ensorcelled Hiber |     8 |    28 |    71 |   119 |   218 |    84 ||   528
       Confuse           |       |       |    32 |    51 |    85 |    45 ||   213
       Dazzling Spray    |       |       |     2 |    20 |    21 |    27 ||    70
       Sure Blade        |       |       |       |     6 |    27 |     3 ||    36
       Fulminant Prism   |       |       |       |    13 |    30 |    19 ||    62
       Enslavement       |       |       |       |     6 |    11 |     5 ||    22
       Metabolic Englaci |       |       |       |     1 |     8 |     2 ||    11
       Invisibility      |       |       |       |       |     9 |     7 ||    16
       Blink             |       |       |       |       |     2 |       ||     2
Invok: Shadow Step       |       |       |       |    11 |     8 |     4 ||    23
 Abil: Bat Form          |       |       |     1 |    10 |     6 |     3 ||    20
       End Transformatio |       |       |     1 |    10 |     6 |     2 ||    19
       Evoke Flight      |       |       |       |       |       |    12 ||    12
  Use: Potion            |     1 |     4 |    15 |    16 |    23 |    14 ||    73
       Scroll            |       |       |    14 |    12 |    23 |     1 ||    50
 Stab: Sleeping          |    16 |    24 |    69 |   113 |   329 |    94 ||   645
       Confused          |       |       |    20 |    42 |    43 |    33 ||   138
       Distracted        |       |       |       |     5 |     6 |       ||    11
       Invisible         |       |       |       |     2 |    13 |     4 ||    19
       Petrifying        |       |       |       |       |     1 |       ||     1
  Eat: Corpse            |     2 |     1 |     1 |     2 |    24 |     7 ||    37
